 Dungeon Crawl Stone Soup version 0.19-a0-1831-gd4c818f (webtiles) character file.

14 MrRokkomies the Vexing (level 2, 0/11 HPs)
             Began as a Felid Enchanter on Oct 8, 2016.
             Slain by a frilled lizard (2 damage)
             ... on level 1 of the Dungeon.
             The game lasted 00:03:58 (723 turns).

MrRokkomies the Vexing (Felid Enchanter)             Turns: 723, Time: 00:03:58

Health: 0/11       AC:  1    Str:  4    XL:     2   Next: 27%
Magic:  1/6        EV: 18    Int: 16    God:
Gold:   58         SH:  0    Dex: 16    Spells: 2 memorised, 2 levels left
                                        Lives:  0   Deaths: 0

rFire  . . .     SeeInvis +       - Unarmed
rCold  . . .     Gourm    .     (armour unavailable)
rNeg   . . .     Faith    .     (shield unavailable)
rPois  .         Spirit   .     (helmet unavailable)
rElec  .         Dismiss  .     (cloak unavailable)
rCorr  .         Reflect  .     (gloves unavailable)
MR     ++...     Harm     .     (boots unavailable)
Stlth  +++.......               (no amulet)
                                h - ring of protection from magic
                                g - ring of protection from magic

@: very slightly contaminated, quick
A: no armour, no weapons or thrown items, stealth, claws 1, fangs 3, see
invisible, carnivore 3, speed 1, shaggy fur 1, slow metabolism 1, sharp paws
a: no special abilities


You were on level 1 of the Dungeon.
You were not hungry.

You visited 1 branch of the dungeon, and saw 1 of its levels.

You collected 58 gold pieces.

Inventory:

Jewellery
 g - a ring of protection from magic (left paw)
 h - a ring of protection from magic (right paw)
Scrolls
 d - a scroll of enchant weapon {unknown}
 e - a scroll of blinking {unknown}
 f - a scroll of remove curse {unknown}
 k - a scroll of identify {unknown}
 l - a scroll of fear {unknown}
Potions
 c - a potion of degeneration {unknown}
 i - a potion of curing {unknown}
 j - 2 potions of lignification {unknown}
Books
 a - a book of Maledictions

   Spells                             Type                      Level
   a - Corona                         Hexes                        1
   b - Ensorcelled Hibernation        Hexes/Ice                    2
   c - Confuse                        Hexes                        3
   d - Tukima's Dance                 Hexes                        3
   e - Dazzling Spray                 Conjuration/Hexes            3
Comestibles
 b - a meat ration


   Skills:
 - Level 2.6 Dodging
 + Level 4.3 Stealth
 * Level 1.6 Unarmed Combat
 - Level 2.0 Spellcasting
 * Level 4.8 Hexes


You had 2 spell levels left.
You knew the following spells:

 Your Spells              Type           Power        Failure   Level  Hunger
a - Corona                Hex            ###....      3%          1    #......
b - Ensorcelled Hibernat  Hex/Ice        #.....       14%         2    ###....


Dungeon Overview and Level Annotations

Branches:
Dungeon (1/15)

Altars:


Innate Abilities, Weirdness & Mutations

You cannot wear armour.
You are incapable of wielding weapons or throwing items.
Your paws allow you to move quietly. (Stealth)
You have sharp claws.
You have razor-sharp teeth.
You have supernaturally acute eyesight. (SInv)
You are carnivorous and can eat meat at any time.
You cover ground quickly.
You are covered in fur. (AC +1)
You have a slow metabolism.
Your sharp claws are effective at attacking unaware monsters.


Message History

Aim: a goblin, wielding a club (chance to defeat MR: 58%)
The goblin looks drowsy...
The helpless goblin fails to defend itself.
You claw the goblin!
You kill the goblin!
The frilled lizard closely misses you.
Casting: Ensorcelled Hibernation
Confirm with . or Enter, or press ? or * to list all spells.
Aiming: Ensorcelled Hibernation
Press: ? - help, Shift-Dir - straight line, f - frilled lizard
Aim: a frilled lizard (chance to defeat MR: 58%)
You miscast Ensorcelled Hibernation.
You are very lightly contaminated with residual magic.
You hear an indistinct dissonance whispering inside your mind.
The frilled lizard hisses and fully extends its frill.
Number of times to repeat, then command key: You must enter the number of times for the command to repeat.
Unknown command.
The frilled lizard bites you.
You die...

...[.###.###..##..######g# #.#
#.....##.# ##.##.## #.# ##.#
#.....##.# #..#.# #.###..#
#.....#..# ##...# #.....##
###.##..## #..#########..###
#..#.## #..##........## ##.#.####
#..##.######.# #......# #.g#..#
#.# ##..##.#####.@.## ##.##
###..###...###l#### #...# ##...##
###........#####...##### ...###
###...##.....g.......# ####
##....########...###.#
###########.....##.........# #.#
.......##...#......#####...###K##
...)............#### #......g..
....(...#####...# ##.........


You could see a hobgoblin and a frilled lizard.

Vanquished Creatures
  A leopard gecko (D:1)
  A giant cockroach (D:1)
  A goblin (D:1)
  A hobgoblin (D:1)
  2 kobolds (D:1)
  2 bats (D:1)
  A frilled lizard (D:1)
  4 rats (D:1)
13 creatures vanquished.

Notes
Turn   | Place    | Note
-------+----------+-------------------------------------------
     0 | D:1      | MrRokkomies the Felid Enchanter began the quest for the Orb.
     0 | D:1      | Reached XP level 1. HP: 7/7 MP: 4/4
   257 | D:1      | Reached XP level 2. HP: 5/11 MP: 6/6
   269 | D:1      | Learned a level 2 spell: Ensorcelled Hibernation
   723 | D:1      | Slain by a frilled lizard

Vault maps used:
D:1:      roderic_crossed_star, minmay_pentomino_r2

Action                   || total
-------------------------++-------
Melee: Unarmed           ||    41
       Bite              ||     3
 Cast: Ensorcelled Hiber ||     5
 Stab: Sleeping          ||     4
Armor: Skin              ||     2
Dodge: Dodged            ||    36
